 Dungeon Crawl Stone Soup version 0.28.0-43-g3370ac3207 (webtiles) character file.

Game seed: 12200132686472966409

70 RascalDebosk the Magician (level 4, 0/24 HPs)
             Began as a Deep Elf Air Elementalist on Mar 27, 2022.
             Succumbed to an adder's poison
             ... on level 2 of the Dungeon.
             The game lasted 00:14:22 (1738 turns).

RascalDebosk the Magician (DEAE)                    Turns: 1738, Time: 00:14:22

Health: 0/24       AC:  2    Str:  3 (5)  XL:     4   Next: 4%
Magic:  0/11       EV: 13    Int: 20 (22) God:
Gold:   97         SH:  0    Dex: 13 (15) Spells: 7/10 levels left

rFire   . . .      SeeInvis .   b - +0 dagger
rCold   . . .      Faith    .   (no shield)
rNeg    . . .      Spirit   .   a - +0 robe
rPois   .          Reflect  .   (no helmet)
rElec   .          Harm     .   (no cloak)
rCorr   .          Rampage  .   (no gloves)
Will    .....                   (no boots)
Stlth   ++........              (no amulet)
HPRegen 0.08/turn               (no ring)
MPRegen 0.12/turn               (no ring)

@: lethally poisoned (0 -> -1)
A: no striking features
a: no special abilities


You were on level 2 of the Dungeon.
You visited 1 branch of the dungeon, and saw 2 of its levels.

You collected 97 gold pieces.

Inventory:

Hand Weapons
 b - a +0 dagger (weapon)
Missiles
 c - 35 stones
Armour
 a - a +0 robe (worn)
Scrolls
 f - a scroll of immolation {unknown}
Potions
 e - a potion of heal wounds {unknown}


   Skills:
 + Level 3.1 Dodging
 + Level 3.3 Stealth
 + Level 3.7 Spellcasting
 + Level 2.1 Conjurations
 + Level 3.4 Air Magic


You had 7 spell levels left.
You knew the following spells:

 Your Spells              Type           Power      Damage    Failure   Level
a - Shock                 Conj/Air       56%        1d6       4%          1
b - Static Discharge      Conj/Air       14%        N/A       6%          2

Your spell library contained the following spells:

 Spells                   Type           Power      Damage    Failure   Level
 Swiftness                Air            17%        N/A       10%         3
 Animate Skeleton         Necr           6%         N/A       13%         1
 Apportation              Tloc           6%         N/A       13%         1
 Summon Small Mammal      Summ           12%        N/A       13%         1
 Airstrike                Air            8%         N/A       32%         4


Dungeon Overview and Level Annotations

Branches:
Dungeon (2/15)

Altars:


Message History

You are poisoned.
The adder poisons you! The adder barely misses you.
You hit the ball python.
You kill the ball python!
You feel sick. The adder barely misses you.
You feel sick. The adder closely misses you.
You feel sick. The adder barely misses you.
You feel sick.
You are no longer poisoned.
The adder barely misses you.
Casting: Shock (safe; 3% risk of failure)
Confirm with . or Enter, or press ? or * to list all spells.
The adder is struck by an arc of lightning.
The adder is heavily wounded.
The lightning grounds out.
The adder bites you.
Unknown command.
The adder misses you. The adder barely misses you.
There is an open door here.
Things that are here:
a +0 dagger; an adder corpse The adder bites you.
You are poisoned.
The adder poisons you!
You feel sick.
You feel sick.
Aiming: Shock (safe; 3% risk of failure)
Press: ? - help, Q - select action, (/) - cycle Shift-Dir - straight line, f - adder
Aim: an adder (heavily wounded, 53% to hit)
The zap hits the adder.
The adder is heavily wounded.
You feel sick. The adder closely misses you. The adder bites you.
* * * LOW HITPOINT WARNING * * *
You feel sick.
You feel sick.
You feel sick. The adder bites you.
* * * LOW HITPOINT WARNING * * *
It was a potion of degeneration.
There was something very wrong with that liquid.
You feel weakened.
You feel dopey.
You feel clumsy.
You die...

#.####....###.####
#............#
##...#######.# ##.##
#.# #.# ##.####### #.#
#........# ##+##
#..##.##.# ##...##
#..##.##.# ##..@..##
#.....##.# ##...S...##
#.#.#.##.#
#.........###.....##.#
+.........+..>.......#
#.........###.....####
##.......## ###.#.#
##.....## ###.#
##...## #.#
########)## ######.#


You could see an adder.

Vanquished Creatures
  3 adders (D:2)
  A dart slug (D:1)
  4 ball pythons
  3 endoplasms
  2 giant cockroaches (D:1)
  6 goblins
  6 hobgoblins
  5 kobolds
  2 quokkas
  A bat (D:1)
  3 frilled lizards (D:1)
  2 rats (D:1)
38 creatures vanquished.

Vanquished Creatures (others)
  A plant (D:1)
1 creature vanquished.

Grand Total: 39 creatures vanquished

Notes
Turn   | Place    | Note
-------+----------+-------------------------------------------
     0 | D:1      | RascalDebosk the Deep Elf Air Elementalist began the quest
                  | for the Orb.
     0 | D:1      | Reached XP level 1. HP: 10/10 MP: 6/6
   201 | D:1      | Reached XP level 2. HP: 15/15 MP: 5/8
   270 | D:1      | Learned a level 2 spell: Static Discharge
   677 | D:1      | Found a faded altar of an unknown god.
   994 | D:1      | Reached XP level 3. HP: 19/19 MP: 5/9
  1707 | D:2      | Reached XP level 4. HP: 24/24 MP: 2/11
  1737 | D:2      | HP: 1/24 [adder (2)]
  1738 | D:2      | Succumbed to an adder's poison

Illustrated notes

Levels and vault maps discovered:
D:1:      dpeg_arrival_simpleton_b, layout_basic,
          shapermc_ecumenical_altar_acropolis
D:2:      layout_loops_corners, guppyfry_early_lair_pool

Skill      XL: |  1  2  3 |
---------------+----------+-----
Stealth        | 3 |  3.3
Dodging        | 3 |  3.1
Conjurations   | 2 |  2.1
Spellcasting   | |  3.7
Air Magic      | |  3.4

Action                   |  1- 3 |  4- 6 || total
-------------------------+-------+-------++-------
Melee: Dagger            |       |     1 ||     1
 Cast: Shock             |    79 |     4 ||    83
       Static Discharge  |     3 |     1 ||     4
  Use: Potion            |       |     1 ||     1
Armor: Robe              |     1 |     2 ||     3
Dodge: Dodged            |    16 |    10 ||    26
